 Dungeon Crawl Stone Soup version 0.31.0-7-gf635a9b802 (webtiles) character file.

Game seed: 11917328441361550301

37 Esekla the Grasshopper (level 3, -5/21 HPs)
             Began as a Tengu Warper on Jan 23, 2024.
             Was an Initiate of Ashenzari.
             Slain by a gnoll
             ... wielding a +0 halberd
              (14 damage)
             ... on level 2 of the Dungeon.
             The game lasted 00:05:53 (691 turns).

Esekla the Grasshopper (Tengu Warper)                Turns: 691, Time: 00:05:53

Health: -5/21      AC:  3    Str: 11    XL:     3   Next: 39%
Magic:  7/7        EV: 12    Int: 15    God:    Ashenzari [......]
Gold:   43         SH:  0    Dex: 13    Spells: 2/6 levels left

rFire   . . .        a - +0 falchion
rCold   . . .        (no shield)
rNeg    . . .        b - +0 leather armour of Curses and Power {Comp, Fort} (curse)
rPois   .            (helmet restricted)
rElec   .            (no cloak)
rCorr   .            (no gloves)
SInv    .            (boots unavailable)
Will    .....        k - amulet of regeneration
Stlth   +            (no ring)
HPRegen 1.03/turn    (no ring)
MPRegen 0.10/turn

%: acrobat
@: no status effects
A: beak, talons 3, acrobatic
a: Renounce Religion, Shatter the Chains


You were on level 2 of the Dungeon.
You worshipped Ashenzari.
Ashenzari was noncommittal.
You visited 1 branch of the dungeon, and saw 2 of its levels.

You collected 43 gold pieces.

Inventory:

Hand Weapons
 a - a +0 falchion (weapon)
 s - a +0 dagger
Missiles
 d - 5 darts of dispersal (quivered)
Armour
 b - the cursed +0 leather armour of Curses and Power (worn) {Comp, Fort}

   It has a curse which improves the following skills: Companions: Summonings
   and Necromancy.
   Fortitude: Armour and Shields.
Jewellery
 k - an amulet of regeneration (around neck)
Wands
 i - a wand of flame (15)
Scrolls
 c - a scroll of blinking
 e - a scroll of enchant armour {unknown}
 f - 2 scrolls of teleportation {unknown}
 h - a scroll of enchant weapon {unknown}
 j - a scroll of identify {unknown}
Potions
 g - 2 potions of might {unknown}


   Skills:
 * Level 2.2 Fighting
 * Level 2.3 Long Blades
 + Level 1.1 Throwing
 * Level 1.9(2.2) Armour
 + Level 2.2 Dodging
 * Level 2.4 Spellcasting
 * Level 0.5 Conjurations
 + Level 2.6 Translocations


You had 2 spell levels left.
You knew the following spells:

 Your Spells              Type           Power      Damage    Failure   Level
a - Magic Dart            Conj           12%        1d3       22%         1
b - Blink                 Tloc           18%        N/A       14%         2
p - Apportation           Tloc           18%        N/A       10%         1

Your spell library contained the following spells:

 Spells                   Type           Power      Damage    Failure   Level
 Lesser Beckoning         Tloc           18%        N/A       14%         2
 Sting                    Conj/Alch      8%         1d3       26%         1
 Necrotise                Necr           4%         1d4       28%         1
 Summon Small Mammal      Summ           4%         N/A       28%         1
 Call Imp                 Summ           2%         N/A       38%         2
 Teleport Other           Tloc           9%         N/A       28%         3
 Manifold Assault         Tloc           9%         N/A       67%         4
 Vhi's Electric Charge    Tloc/Air       10%        N/A       85%         4


Dungeon Overview and Level Annotations

Branches:
Dungeon (2/15)

Altars:
Ashenzari


Innate Abilities, Weirdness & Mutations

You have a beak for a mouth.
You have claws for feet.
You can magically evade attacks while moving or waiting.


Message History

Press: ? - help, Shift-Dir - straight line, f - quokka
Aim: a quokka (100% to hit)
The magic dart hits the quokka but does no damage.
You barely miss the quokka.
The quokka bites you but does no damage.
You closely miss the quokka. Your kick misses the quokka.
Your peck misses the quokka. The quokka closely misses you.
The quokka bites you but does no damage.
You closely miss the quokka. You claw the quokka.
You kill the quokka!
You pick up a book of Cantrips and begin reading...
You add the spells Sting, Necrotise, Summon Small Mammal and Apportation to your library.
You start memorising the spell.
You continue memorising.
Magic restored.
You finish memorising.
Spell assigned to 'c'.
Adjust (i)tems, (s)pells, or (a)bilities?
Adjust which spell? c - Apportation Adjust to which letter? p - Apportation
k - an amulet of regeneration You start putting on your amulet.
You continue putting on your amulet of regeneration. x5
You finish putting on your amulet of regeneration.
The amulet throbs as it attunes itself to your uninjured body.
k - an amulet of regeneration (around neck)
You see here a +0 robe.
There is a stone staircase leading down, spattered with blood here.
You climb downwards.
The gnoll barely misses you.
There is a stone staircase leading up here.
The gnoll closely misses you.
You completely miss the gnoll. Your peck misses the gnoll.
The gnoll barely misses you.
You hit the gnoll but do no damage. You peck the gnoll, but do no damage.
The gnoll hits you with a +0 halberd!
Ouch! That really hurt!
You barely miss the gnoll. Your kick misses the gnoll.
The gnoll hits you with a +0 halberd!
Ouch! That really hurt!
You die...

#.....g#.# #.#
#.#...##.## #g#
#.#.....#.#######.#
#.##..##.##.....#.#
#.##..#####.###.#.#
#......## #.#.....#
###.....###.#.#.###
##...g...##...g.##
###.........###.@..##
..'.......).'<..<...#
###.........###....##
# ##.......## ###..#
# ##.....## ##.# #
##...##### #.# #
##..)<..# #.# #
#.####.# #.# ### #.#
#.# #.#


You could see a gnoll.

Vanquished Creatures
  A gnoll (D:1)
  An adder (D:2)
  3 ball pythons (D:1)
  A bat (D:2)
  An endoplasm (D:1)
  A giant cockroach (D:1)
  3 goblins
  2 kobolds
  2 quokkas
  A frilled lizard (D:1)
  A rat (D:2)
17 creatures vanquished.

Notes
Turn   | Place    | Note
-------+----------+-------------------------------------------
     0 | D:1      | Esekla the Tengu Warper began the quest for the Orb.
     0 | D:1      | Reached XP level 1. HP: 12/12 MP: 4/4
   160 | D:1      | Found a faded altar of an unknown god.
   160 | D:1      | Identified the +1 quarterstaff of the Mouth {freeze,
                  | ^Contam rCorr Dex-2 SInv}
   167 | D:1      | Reached XP level 2. HP: 14/17 MP: 6/6
   182 | D:1      | Learned a level 2 spell: Blink
   184 | D:1      | Prayed at the altar of an unknown god.
   184 | D:1      | Became a worshipper of Ashenzari the Shackled
   342 | D:2      | Learned a level 1 spell: Magic Dart
   507 | D:2      | Reached XP level 3. HP: 21/21 MP: 4/7
   647 | D:1      | Learned a level 1 spell: Apportation
   691 | D:2      | Slain by a gnoll

Illustrated notes

Levels and vault maps discovered:
D:1:      dpeg_arrival_oval, layout_basic, hellmonk_ecumenical_altar_lost_god
D:2:      minmay_general_purpose_star, layout_loops_corners, kennysheep_doodads,
          uniq_natasha

Action                     || total
---------------------------++-------
  Melee: Falchion          ||    43
         Kick              ||     8
         Peck              ||     5
  Throw: Dart              ||     2
   Cast: Magic Dart        ||     4
         Blink             ||     1
 Invoke: Curse Item        ||     1
 Armour: Leather armour    ||    22
  Dodge: Dodged            ||    34
